 Dungeon Crawl Stone Soup version 0.30-b1-2-g02819fbbbe (webtiles) character file.

Game seed: 12152999977863900297

91 suse60 the Chopper (level 4, -2/40 HPs)
             Began as a Minotaur Gladiator on Jan 8, 2024.
             Killed by divine providence
             ... invoked by an orc priest
              (14 damage)
             ... on level 3 of the Dungeon.
             The game lasted 00:08:55 (2051 turns).

suse60 the Chopper (Minotaur Gladiator)             Turns: 2051, Time: 00:08:55

Health: -2/40      AC:  7    Str: 21    XL:     4   Next: 33%
Magic:  3/3        EV: 11    Int:  5    God:
Gold:   86         SH:  0    Dex: 11    Spells: 3/3 levels left

rFire   . . .        a - +0 war axe
rCold   . . .        (no shield)
rNeg    + . .        i - +0 ring mail
rPois   .            c - +1 hat
rElec   .            (no cloak)
rCorr   .            (no gloves)
SInv    .            m - +0 pair of boots
Will    .....        (no amulet)
Stlth   +            l - ring of positive energy
HPRegen 0.26/turn    (no ring)
MPRegen 0.08/turn

%: no passive effects
@: no status effects
A: horns 2, retaliatory headbutt
a: no special abilities


You were on level 3 of the Dungeon.
You visited 1 branch of the dungeon, and saw 3 of its levels.

You collected 86 gold pieces.

Inventory:

Hand Weapons
 a - a +0 war axe (weapon)
Missiles
 d - 2 throwing nets (quivered)
 e - a javelin
 j - 5 curare-tipped darts
Armour
 c - a +1 hat (worn)
 i - a +0 ring mail (worn)
 m - a +0 pair of boots (worn)
Jewellery
 l - a ring of positive energy (left hand)
Scrolls
 k - 2 scrolls of butterflies {unknown}
 n - 3 scrolls of immolation {unknown}
 o - a scroll of magic mapping {unknown}
 q - a scroll of brand weapon {unknown}
Potions
 b - a potion of berserk rage
 f - 3 potions of haste
 g - a potion of flight
 h - a potion of ambrosia
 p - a potion of degeneration {unknown}
 r - 2 potions of resistance {unknown}


   Skills:
 + Level 4.3 Fighting
 + Level 5.1 Axes
 - Level 2.0 Throwing
 - Level 3.2 Dodging


You had 3 spell levels left.
You didn't know any spells.
Your spell library contained the following spells:

 Spells                   Type           Power      Damage    Failure   Level
 Magic Dart               Conj           0%         1d3       65%         1
 Call Imp                 Summ           0%         N/A       80%         2
 Mephitic Cloud           Conj/Pois/Air  0%         N/A       95%         3
 Blade Hands              Tmut           0%         N/A       100%        5
 Irradiate                Conj/Tmut      0%         3d11      100%        5
 Dragon Form              Tmut           0%         N/A       100%        7


Dungeon Overview and Level Annotations

Branches:
Dungeon (3/15)

Altars:

Annotations:
D:3 2 transporters, Maxximus80's ghost, amateur GrEE


Innate Abilities, Weirdness & Mutations

You have a pair of horns on your head.
You reflexively headbutt those who attack you in melee.


Message History

The orc throws a boomerang.
The boomerang barely misses you.
Throw: 3 throwing nets
Press: ? - help, Q - select action, (/) - cycle Shift-Dir - straight line, f - orc
Aim: an orc, wielding a +0 hand axe and quivering boomerangs (59% to hit)
You throw a throwing net.
Something gets caught in the net!
Something wriggles in the net.
You closely miss something. Your headbutt misses something.
Something wriggles in the net.
You slash something!
Something wriggles in the net. x2
You hit something.
Something wriggles in the net.
The orc throws a boomerang.
You barely miss something.
Something wriggles in the net.
All of a sudden the net rips apart!
You completely miss something. Something hits you. x2
The orc throws a boomerang.
The boomerang barely misses you.
You slash something!
Reactivating autopickup.
You feel a bit more experienced.
Your Axes skill increases to level 5!
You have reached level 4!
You feel stronger.
You closely miss the orc. Your headbutt misses the orc.
You barely miss the orc.
The orc priest invokes the aid of Beogh against you.
Beogh smites you! The orc hits you but does no damage.
You hit the orc.
The orc is severely wounded.
The orc priest looks braver for a moment.
The orc barely misses you.
The orc priest casts a cantrip, but nothing happens.
The orc hits you but does no damage.
You barely miss the orc. You headbutt the orc.
You kill the orc!
You hit the orc priest but do no damage.
The orc priest hits you with a +0 club.
* * * LOW HITPOINT WARNING * * *
You closely miss the orc priest.
The orc priest hits you but does no damage.
The orc priest invokes the aid of Beogh against you.
Beogh smites you!
You die...

######.# #.#
#.#
######.###
.o{..o...#
######.#.#
#.#.##
#....########
#..#......o@#
##...######)#
##.## #.#
##.# #.# #..#
#.# #.####
#.# #.##.##
#.# #.#.#.##
#.#
#..###.###.##


You could see an orc priest.

Vanquished Creatures
  An orc wizard (D:3)
  An adder (D:2)
  A worm (D:3)
  A dart slug (D:2)
  3 orcs (D:3)
  7 bats
  5 endoplasms
  4 giant cockroaches
  4 goblins
  5 hobgoblins
  2 ball pythons
  2 frilled lizards (D:2)
  3 kobolds
  7 rats
46 creatures vanquished.

Vanquished Creatures (others)
  2 plants (D:1)
2 creatures vanquished.

Grand Total: 48 creatures vanquished

Notes
Turn   | Place    | Note
-------+----------+-------------------------------------------
     0 | D:1      | suse60 the Minotaur Gladiator began the quest for the Orb.
     0 | D:1      | Reached XP level 1. HP: 18/18 MP: 0/0
   190 | D:1      | Reached skill level 4 in Axes
   209 | D:1      | Reached XP level 2. HP: 25/26 MP: 1/1
   277 | D:1      | You fall into a shaft and drop 1 floor!
   466 | D:2      | Reached XP level 3. HP: 27/31 MP: 2/2
  1938 | D:3      | Found a transporter.
  1942 | D:3      | Found a transporter.
  1942 | D:3      | Noticed Maxximus80's ghost (amateur GrEE)
  2046 | D:3      | Reached skill level 5 in Axes
  2046 | D:3      | Reached XP level 4. HP: 28/40 MP: 3/3
  2051 | D:3      | Killed from afar by an orc priest

Illustrated notes

Levels and vault maps discovered:
D:1:      tarquinn_simple_flora_water_c, layout_basic, nrook_loot_triangle,
          serial_bayou_lagoon_b
D:2:      layout_basic
D:3:      layout_loops_ring, dk_yredelemnul_ordeal,
          mainiacjoe_overflow_large_starburst, gammafunk_ghost_arena,
          serial_shops, nicolae_square_shop, nicolae_shop_vocational

Skill      XL: |  1  2  3 |
---------------+----------+-----
Axes           | 4 5 |  5.1
Fighting       | 3 4 |  4.3
Throwing       | |  2.0
Dodging        | |  3.2

Action                     |  1- 3 |  4- 6 || total
---------------------------+-------+-------++-------
  Melee: War axe           |    86 |     6 ||    92
         Headbutt          |    12 |     1 ||    13
         Punch             |     1 |       ||     1
  Throw: Throwing net      |     1 |       ||     1
    Use: Scroll            |    10 |       ||    10
   Stab: Sleeping          |     1 |       ||     1
 Armour: Leather armour    |    10 |       ||    10
         Ring mail         |    11 |     3 ||    14
  Dodge: Dodged            |    37 |     1 ||    38
